Map: King of Braxis Station

Players

MrFercho

  • Race: Zerg Zerg
  • Spawn Location: 5:00

tigro

  • Race: Terran Terran
  • League: Silver
  • Spawn Location: 6:00

Syphun

  • Race: Terran Terran
  • League: Platinum
  • Spawn Location: 3:00

IA (Difícil)

  • Race: Zerg Zerg
  • Spawn Location: 7:00

OGSavage

  • Race: Terran Terran
  • Spawn Location: 12:00

SHaITan

  • Race: Protoss Protoss
  • Spawn Location: 9:00

VOD

Have the link to the VOD?

Description

Time

  • Played on: Aug. 9, 2019, 11:26 p.m.
  • Length: 16:07
Show
View Real Time Build Order
Export as new Build Order

MrFercho Zerg 

Build Orders: 1 Base Baneling Bust, Pool Only 

Get SALT Encoding   

  12  0:03  Drone  
  13  0:13  Overlord  
  13  0:21  Drone  
  14  0:33  Drone  
  15  0:38  Extractor  
  14  0:46  Drone  
  14  0:48  Overlord  
  15  0:56  Spawning Pool  
  14  0:59  Drone  
  15  1:18  Drone  
  15  1:21  Drone  
  17  1:29  Extractor  
  16  1:41  Drone x2  
  18  1:49  Metabolic Boost  
  18  1:53  Queen  
  20  1:56  Zergling x4  
  22  2:05  Zergling x2  
  23  2:48  Drone x3  
  25  3:43  Drone x2  
  25  3:44  Drone  
  26  4:03  Lair  
  26  4:08  Drone x2  
  28  4:24  Evolution Chamber  
  28  4:30  Roach Warren  
  26  4:41  Zergling x2, Baneling Nest  
  26  4:42  Zergling x4  
  28  4:58  Zerg Melee Weapons Level 1  
  28  5:06  Burrow  
  28  5:09  Drone x2  
  28  5:11  Overlord  
  30  5:35  Glial Reconstitution  
  30  5:40  Roach x2  
  34  5:49  Overlord  
  34  6:06  Hydralisk Den  
  33  6:16  Centrifical Hooks  
  33  6:21  Roach x3  
  38  6:53  Zerg Missile Weapons Level 1  
  36  7:00  Zergling x4  
  36  7:01  Zergling x2  
  39  7:15  Ravager x2  
  41  7:37  Hydralisk x2  
  41  7:40  Overlord  
  45  7:48  Tunneling Claws  
  45  7:58  Muscular Augments  
  45  8:16  Drone x3  
  48  8:27  Infestation Pit  
  47  8:41  Lurker Den  
  47  8:46  Zerg Melee Weapons Level 2  
  31  9:10  Grooved Spines  
  31  9:18  Pathogen Glands  
  31  9:31  Hydralisk  
  31  9:34  Zergling x4  
  35  10:21  Spire  
  34  10:23  Roach  
  34  10:24  Overlord  
  34  10:25  Overlord x2  
  36  10:31  Zergling x2  
  37  10:49  Hive  
  37  11:02  Zerg Ground Armor Level 1  
  26  11:56  Roach x6  
  17  13:11  Mutalisk x2  
  12  13:44  Roach  
  12  13:45  Roach x2  
  20  13:59  Ravager x3  
  15  15:20  Roach  
  11  15:41  Ravager  
Show
View Real Time Build Order
Export as new Build Order

tigro Terran 

Build Orders:  

Get SALT Encoding   

  12  0:04  SCV  
  13  0:17  SCV  
  14  0:29  SCV  
  14  0:30  Supply Depot  
  15  0:42  Refinery  
  15  0:47  Refinery  
  15  0:52  SCV  
  16  1:04  SCV  
  16  1:09  Barracks  
  17  1:16  SCV  
  18  1:46  SCV  
  19  1:58  SCV  
  19  2:00  Barracks  
  19  2:01  Marine  
  20  2:02  Engineering Bay  
  21  2:10  SCV  
  22  2:19  Marine  
  23  2:30  Supply Depot  
  23  2:48  Barracks Tech Lab  
  23  2:51  Marine  
  23  2:52  SCV  
  25  3:01  Terran Infantry Weapons Level 1  
  25  3:04  SCV  
  26  3:08  Missile Turret  
  26  3:09  Marine  
  27  3:25  Orbital Command  
  27  3:27  Marine  
  28  3:41  Missile Turret  
  28  3:45  Marine  
  29  3:53  Combat Shield  
  29  3:58  Marauder, Factory  
  31  4:16  Missile Turret  
  31  4:22  Marine  
  32  4:46  Supply Depot  
  32  4:48  Missile Turret  
  32  4:55  Factory Tech Lab  
  32  4:56  Terran Infantry Armor Level 1  
  32  5:03  Barracks Tech Lab  
  32  5:28  Missile Turret  
  32  5:34  Stimpack  
  32  5:42  Starport  
  32  5:47  Infernal Pre-Igniter  
  32  6:08  Armory  
  32  6:13  Marine  
  32  6:17  Siege Tank  
  36  6:22  Missile Turret, Starport Tech Lab  
  36  6:31  Marine  
  37  6:41  Marine  
  37  6:46  Rapid Reignition System  
  38  6:49  Marine, Siege Tank  
  38  6:50  Hi-Sec Auto Tracking  
  42  6:59  Marine  
  43  7:06  Mag-Field Accelerator  
  43  7:07  Marine  
  44  7:14  Concussive Shells, Missile Turret  
  44  7:17  Marine  
  45  7:25  Marine  
  45  7:28  Fusion Core  
  46  7:35  Marine  
  47  7:47  Neosteel Armor  
  47  7:53  Medivac, Marine  
  50  8:12  Corvid Reactor  
  50  8:15  Supply Depot  
  50  8:33  Medivac  
  52  8:37  Missile Turret  
  27  9:24  Marauder  
  27  9:28  Marauder  
  27  9:31  Cloaking Field  
  31  9:46  Marauder  
  31  9:49  Marauder  
  31  9:52  Thor  
  41  10:07  Marauder  
  41  10:10  Marauder, Terran Vehicle Weapons Level 1  
  45  10:28  Marauder  
  45  10:32  Marauder  
  49  10:50  Marauder, Weapon Refit  
  49  10:53  Marauder  
  33  11:15  Marauder  
  29  11:23  Marauder  
  26  11:28  Banshee  
  21  11:44  Marine  
  15  12:02  Marine  
  15  12:11  Banshee  
  18  12:19  Marine  
  4  12:54  Banshee  
  3  14:08  Starport Tech Lab  
Show
View Real Time Build Order
Export as new Build Order

Syphun Terran 

Build Orders: 1/1/1 

Get SALT Encoding   

  12  0:01  SCV  
  13  0:13  SCV  
  14  0:18  Supply Depot  
  14  0:25  SCV  
  15  0:30  Refinery  
  15  0:39  SCV  
  15  0:40  Refinery  
  16  0:51  SCV  
  16  0:54  Barracks  
  17  1:03  SCV  
  18  1:15  SCV  
  19  1:28  SCV  
  20  1:40  SCV  
  20  1:43  Factory  
  20  1:45  Reaper  
  22  1:53  Orbital Command  
  22  2:17  Reaper  
  23  2:26  Starport  
  23  2:29  Starport, Factory Tech Lab  
  23  2:34  Engineering Bay  
  23  2:38  Supply Depot  
  23  3:00  Siege Tank, SCV  
  23  3:01  Supply Depot  
  27  3:12  SCV  
  27  3:32  Siege Tank  
  29  3:47  Reaper  
  25  4:02  SCV  
  24  4:04  Siege Tank  
  27  4:10  Medivac  
  27  4:14  SCV  
  30  4:18  Starport Tech Lab  
  30  4:51  Starport Tech Lab  
  30  4:53  Fusion Core  
  30  4:59  SCV  
  31  5:20  Supply Depot  
  31  5:41  Battlecruiser  
  37  5:44  Supply Depot  
  36  6:01  Command Center  
  36  6:04  SCV  
  36  6:07  Supply Depot  
  37  6:28  Battlecruiser  
  37  6:30  Supply Depot  
  43  6:53  Supply Depot  
  42  7:21  Orbital Command  
  42  7:28  Armory  
  42  8:23  Battlecruiser  
  48  8:40  Battlecruiser  
  54  8:59  SCV  
  54  9:01  SCV  
  56  9:05  Terran Ship Weapons Level 1  
  56  9:12  SCV  
  57  9:24  SCV  
  58  9:38  Command Center  
  58  9:39  Command Center  
  58  9:41  SCV x2  
  60  9:51  Refinery  
  60  9:53  SCV x2  
  60  9:56  Refinery  
  62  10:08  Battlecruiser  
  68  10:57  SCV x2  
  68  11:00  Terran Vehicle And Ship Armor Level 1  
  70  11:09  SCV x2  
  72  11:21  SCV  
  73  11:26  Battlecruiser  
  73  11:31  Orbital Command  
  79  11:34  Orbital Command  
  79  11:38  Battlecruiser  
  85  11:48  Armory  
  85  11:52  SCV  
  86  12:21  Sensor Tower  
  86  12:24  SCV x2  
  88  12:34  Battlecruiser  
  88  12:36  SCV  
  93  13:00  Battlecruiser  
  99  13:10  Terran Ship Weapons Level 2  
  99  13:34  Missile Turret  
  99  13:37  Missile Turret  
  99  13:46  Missile Turret  
  99  13:54  Missile Turret  
  99  13:58  Battlecruiser, Missile Turret  
  105  14:06  Battlecruiser, Missile Turret  
  111  14:14  Missile Turret  
  111  14:17  Missile Turret  
  111  14:25  Missile Turret  
  111  14:34  Missile Turret  
  111  14:37  Missile Turret  
  111  14:45  Missile Turret  
  93  14:53  Missile Turret  
  93  14:56  Missile Turret  
  87  15:02  Battlecruiser  
  87  15:05  Missile Turret  
Show
View Real Time Build Order
Export as new Build Order

IA (Difícil) Zerg 

Build Orders: 1 Base Baneling Bust, Pool Only, Zergling Baneling 

Get SALT Encoding   

  12  0:01  Drone  
  13  0:12  Overlord  
  13  0:18  Drone  
  14  0:30  Drone  
  14  0:32  Drone  
  16  0:43  Spawning Pool  
  16  0:46  Drone  
  16  0:50  Drone  
  16  0:52  Extractor  
  16  0:55  Drone  
  17  1:06  Overlord  
  17  1:31  Zergling x2, Queen  
  20  1:35  Zergling x2  
  20  1:38  Roach Warren, Drone  
  21  1:40  Extractor  
  20  1:49  Drone  
  21  1:57  Baneling Nest  
  21  2:00  Drone  
  21  2:10  Drone  
  22  2:21  Zergling x2  
  23  2:32  Drone  
  24  2:38  Zergling x2, Overlord  
  24  2:42  Zergling x2  
  26  2:46  Zergling x2, Baneling  
  26  2:49  Baneling x2  
  26  2:50  Baneling  
  27  2:54  Drone  
  28  3:05  Zergling x2  
  29  3:10  Zergling x2, Overlord  
  30  3:13  Zergling x2  
  30  3:17  Zergling x2  
  32  3:28  Zergling x2  
  33  3:34  Baneling  
  33  3:38  Zergling x2  
  34  3:42  Baneling x3, Zergling x2  
  34  3:46  Zergling x2, Baneling  
  36  3:50  Zergling x2  
  36  3:53  Zergling x2  
  38  3:56  Evolution Chamber  
  38  4:02  Drone  
  38  4:13  Drone  
  38  4:14  Overlord, Drone  
  40  4:24  Drone  
  41  4:34  Drone  
  41  4:46  Drone  
  41  4:47  Drone  
  43  5:15  Zergling x2  
  44  5:54  Overlord, Metabolic Boost, Roach  
  44  5:55  Drone  
  44  5:56  Lair, Evolution Chamber  
  44  5:57  Drone  
  47  6:04  Roach  
  47  6:06  Drone  
  42  6:15  Zergling x2  
  36  6:25  Roach  
  37  6:35  Roach  
  37  6:38  Zergling x2  
  40  6:42  Zergling x2  
  40  6:46  Zergling x2  
  38  6:49  Zergling x2  
  38  6:53  Zergling x2  
  29  6:57  Zergling x2  
  18  7:04  Zergling x2  
  18  7:07  Hydralisk Den  
  11  7:14  Roach  
  8  7:17  Drone  
  8  7:22  Zergling x2  
  4  7:33  Zergling x2  
Show
View Real Time Build Order
Export as new Build Order

OGSavage Terran 

Build Orders:  

Get SALT Encoding   

  12  0:02  SCV  
  13  0:22  Supply Depot  
  13  0:24  SCV  
  13  0:28  Refinery  
  14  0:36  SCV  
  15  0:48  SCV  
  16  0:51  Barracks  
  16  1:00  SCV  
  17  1:13  SCV  
  18  1:22  Barracks  
  18  1:25  SCV  
  19  1:37  SCV  
  20  1:45  Marine  
  21  1:49  SCV  
  21  1:50  Factory  
  22  2:01  SCV  
  23  2:03  Refinery  
  23  2:11  Barracks Reactor, Barracks Tech Lab  
  23  2:16  Supply Depot  
  23  2:34  Factory Tech Lab  
  23  2:38  SCV  
  23  2:50  Supply Depot  
  23  2:58  Orbital Command  
  22  3:08  Stimpack, Marine  
  22  3:10  Hellion  
  22  3:11  Marine  
  26  3:24  Engineering Bay  
  26  3:29  Marine  
  26  3:31  Supply Depot, Marine  
  28  3:35  Marine  
  29  3:45  SCV  
  29  3:46  Marine  
  31  3:48  Marine  
  32  3:56  Siege Tank  
  32  3:57  Marine  
  36  4:11  Command Center  
  36  4:12  SCV  
  36  4:13  Marine  
  38  4:21  Marine  
  38  4:22  Marine  
  41  4:24  SCV  
  41  4:31  Supply Depot  
  41  4:39  SCV  
  41  4:41  Marine  
  43  4:54  Bunker  
  43  4:56  Marine  
  43  4:58  Siege Tank  
  43  4:59  Combat Shield  
  46  5:00  Marine  
  46  5:02  SCV  
  48  5:13  Marine  
  48  5:14  SCV  
  49  5:21  Marine  
  50  5:30  Widow Mine  
  50  5:31  Supply Depot  
  50  5:32  Marauder  
  54  5:38  Engineering Bay  
  54  5:41  SCV  
  55  5:45  Marine  
  55  5:49  Marine  
  57  5:53  Marauder, SCV  
  60  5:59  Widow Mine  
  60  6:00  SCV  
  60  6:01  Supply Depot  
  60  6:03  Supply Depot  
  62  6:06  SCV  
  62  6:09  Engineering Bay  
  63  6:14  SCV  
  63  6:16  Terran Infantry Weapons Level 1  
  64  6:26  SCV  
  64  6:32  Marine x2  
  65  6:35  Missile Turret  
  67  6:41  SCV  
  67  6:45  Planetary Fortress  
  66  6:59  Widow Mine  
  64  7:05  Marine x2  
  65  7:12  Marine  
  66  7:21  Widow Mine  
  68  7:23  Marine x2  
  70  7:30  Marine  
  67  7:38  SCV  
  67  7:40  Marine  
  67  7:42  Hellion  
  69  7:52  Marine  
  69  7:53  Marine  
  67  7:58  Marine  
  67  8:02  SCV  
  67  8:04  Widow Mine  
  69  8:10  Marine  
  69  8:11  Marine  
  69  8:14  SCV  
  69  8:16  Marine  
  65  8:25  Widow Mine  
  65  8:26  SCV  
  66  8:28  Marine  
  66  8:29  Marine  
  60  8:38  SCV  
  60  8:46  Widow Mine  
  60  8:50  SCV  
Show
View Real Time Build Order
Export as new Build Order

SHaITan Protoss 

Build Orders:  

Get SALT Encoding   

  1  0:00  Probe  
  12  0:06  Probe  
  14  0:20  Pylon  
  14  0:31  Probe  
  14  0:34  Assimilator  
  15  0:42  Forge  
  15  0:43  Probe  
  16  0:59  Gateway, Probe  
  17  1:07  Probe  
  18  1:15  Probe  
  18  1:17  Pylon  
  19  1:33  Probe  
  19  1:35  Assimilator  
  19  1:38  Photon Cannon  
  20  1:45  Probe  
  21  1:49  Cybernetics Core  
  21  1:57  Probe  
  22  2:11  Gateway  
  22  2:12  Gateway  
  22  2:20  Probe  
  23  2:36  Warp Gate  
  23  2:46  Gateway  
  23  2:47  Pylon  
  23  2:48  Pylon  
  23  3:05  Probe  
  23  3:08  Sentry  
  23  3:09  Sentry  
  23  3:10  Zealot  
  23  3:11  Pylon  
  28  3:17  Probe  
  29  3:22  Protoss Ground Weapons Level 1  
  29  3:42  Stalker x3  
  29  3:44  Stalker  
  37  4:09  Pylon  
  37  4:32  Stalker x3  
  37  4:33  Stalker  
  45  4:41  Pylon  
  45  5:01  Gateway  
  45  5:04  Gateway  
  45  5:07  Pylon  
  45  5:10  Gateway  
  45  5:39  Stalker x3  
  45  5:40  Stalker  
  51  6:24  Pylon  
  51  6:45  Zealot x3  
  51  6:46  Zealot x4  
  63  7:01  Stargate  
  63  7:03  Pylon  
  63  7:28  Zealot x6  
  75  7:39  Protoss Ground Armor Level 1  
  75  8:19  Nexus  
  75  8:25  Probe  
  76  8:35  Void Ray  
  76  8:38  Probe  
  76  8:40  Pylon  
  81  8:43  Pylon  
  81  8:50  Probe  
  82  9:02  Probe  
  59  9:12  Stalker x3  
  59  9:13  Stalker  
  59  9:14  Probe  
  60  9:33  Probe  
  61  9:40  Assimilator  
  61  9:41  Probe  
  62  9:45  Assimilator  
  62  9:50  Probe  
  62  9:51  Stalker  
  65  10:02  Probe  
  66  10:16  Probe  
  66  10:17  Probe  
  68  10:24  Probe  
  68  10:25  Probe  
  68  10:27  Void Ray  
  72  10:33  Probe x2  
  76  10:45  Stalker x4, Probe  
  76  10:46  Probe  
  86  10:57  Probe  
  86  10:58  Probe  
  86  11:00  Void Ray  
  59  11:40  Void Ray  
  59  11:41  Probe  
  59  11:49  Probe  
  60  11:59  Probe  
  60  12:02  Stargate  
  60  12:04  Stargate  
  61  12:11  Probe  
  61  12:14  Void Ray  
  60  12:23  Probe  
  60  12:26  Photon Cannon  
  63  12:41  Void Ray x2  
  63  12:48  Void Ray  
  71  13:00  Protoss Air Weapons Level 1  
  63  13:11  Probe  
  61  13:19  Probe  
  63  13:27  Void Ray  
  63  13:29  Probe  
  68  13:41  Probe  
  68  13:46  Fleet Beacon  
  68  13:48  Pylon  
  67  13:51  Cybernetics Core  
  67  13:53  Probe  
  68  14:05  Probe  
  69  14:11  Void Ray x2  
  69  14:19  Void Ray  
  81  14:36  Pylon  
  81  14:37  Pylon  
Tags
 
Add a new tag
Caveats
  • Supply blocks, unpowered buildings, or Contaminate may cause inaccurate times.
  • Supply counts are checked every 10 seconds.